 Dungeon Crawl Stone Soup version 0.18.1-47-g9310371 (webtiles) character file.

191 senseless the Chopper (level 5, -1/47 HPs)
             Began as a Minotaur Gladiator on June 20, 2016.
             Slain by a gnoll
             ... wielding a +0 halberd
              (2 damage)
             ... on level 3 of the Dungeon.
             The game lasted 00:05:42 (2266 turns).

senseless the Chopper (Minotaur Gladiator)          Turns: 2266, Time: 00:05:43

Health: -1/47      AC:  8    Str: 19    XL:     5   Next: 41%
Magic:  4/4        EV:  9    Int:  5    God:
Gold:   180        SH:  0    Dex: 12    Spells: 0 memorised, 4 levels left

rFire  . . .     SeeInvis .     a - +0 war axe
rCold  . . .     Gourm    .     r - +0 chain mail
rNeg   . . .     Faith    .     (no shield)
rPois  .         Spirit   .     c - +0 hat
rElec  .         Dismiss  .     (no cloak)
rCorr  .         Reflect  .     (no gloves)
SustAt .         Harm     .     (no boots)
MR     .....                    (no amulet)
Stlth  ..........               (no ring)
                                s - ring of wizardry

@: lethally poisoned (-1 -> -2), not resistant to hostile enchantments,
extremely unstealthy
A: retaliatory headbutt, horns 2
a: no special abilities


You were on level 3 of the Dungeon.
You were not hungry.

You visited 1 branch of the dungeon, and saw 4 of its levels.

You collected 180 gold pieces.

Inventory:

Hand Weapons
 a - a +0 war axe (weapon)
 q - a +0 morningstar
Missiles
 d - 3 throwing nets (quivered)
Armour
 b - a +0 leather armour
 c - a +0 hat (worn)
 p - a +0 ring mail
 r - a +0 chain mail (worn)
Jewellery
 s - a ring of wizardry (left hand)
Scrolls
 e - 4 scrolls of identify {unknown}
 i - a scroll of amnesia {unknown}
 l - a scroll of random uselessness {unknown}
 o - 2 scrolls of teleportation {unknown}
 t - a scroll of enchant armour {unknown}
Potions
 j - a potion of agility {unknown}
 n - a potion of might {unknown}
Comestibles
 f - 3 bread rations
 g - a beef jerky
 k - a slice of pizza
 m - a meat ration
 u - a chunk of flesh


   Skills:
 * Level 4.7 Fighting
 + Level 4.7 Axes
 - Level 2.0 Throwing
 + Level 2.0 Armour
 + Level 4.3 Dodging


You had 4 spell levels left.
You didn't know any spells.

Dungeon Overview and Level Annotations

Branches:
Dungeon (4/15)
 Temple: D:4-7

Altars:
Dithmenos
Vehumet
Yredelemnul

Shops:
D:4 (

Annotations:
D:4 exclusion: statue


Innate Abilities, Weirdness & Mutations

You reflexively headbutt those who attack you in melee.
You have a pair of horns on your head.


Message History

The gnoll is heavily wounded.
You closely miss the orc.
The orc is heavily wounded.
The orc hits you but does no damage.
The gnoll hits you from afar with a halberd.
* * * LOW HITPOINT WARNING * * *
The gnoll barely misses you. The orc hits you but does no damage.
You closely miss the gnoll. Your headbutt misses the gnoll.
The gnoll is heavily wounded.
You closely miss the orc.
The orc is heavily wounded.
* * * LOW HITPOINT WARNING * * *
You feel sick. The gnoll barely misses you. The gnoll closely misses you.
The orc hits you but does no damage.
You barely miss the gnoll.
The gnoll is heavily wounded.
You closely miss the orc.
The orc is heavily wounded.
The gnoll hits you from afar with a halberd.
You die...

## 8### ..8### #####
...###.## #...##########
...>#..##.#.....)gg.....
...##...........@o......
..8###.#####.########...
8### # #[# ## #.#
########.## ..........#
########..######
................
.########...###.##


You could see 2 gnolls and an orc.

Vanquished Creatures
  Terence (D:2)
  An orc wizard (D:3)
  2 gnolls (D:3)
  4 adders
  3 oozes
  A worm (D:2)
  A dart slug (D:2)
  4 giant geckos
  4 orcs (D:3)
  6 giant cockroaches
  8 goblins
  2 hobgoblins (D:1)
  2 quokkas (D:2)
  2 ball pythons
  13 bats
  A giant gecko skeleton (D:4)
  2 giant newts
  4 kobolds
  4 rats
  A fungus (D:1)
66 creatures vanquished.

Notes
Turn   | Place    | Note
--------------------------------------------------------------
     0 | D:1      | senseless the Minotaur Gladiator began the quest for the Orb.
     0 | D:1      | Reached XP level 1. HP: 18/18 MP: 0/0
    16 | D:1      | Noticed a minotaur skeleton
   206 | D:1      | Reached XP level 2. HP: 11/25 MP: 1/1
   814 | D:1      | Reached XP level 3. HP: 31/31 MP: 2/2
  1045 | D:2      | Found a shadowy altar of Dithmenos.
  1237 | D:2      | You fall through a shaft for 2 floors!
  1275 | D:4      | Found a radiant altar of Vehumet.
  1275 | D:4      | Noticed a charred statue
  1299 | D:3      | Found a basalt altar of Yredelemnul.
  1561 | D:4      | Found Qutwog's Weapon Shoppe.
  1583 | D:3      | Reached skill level 1 in Armour
  1676 | D:3      | Reached XP level 4. HP: 23/40 MP: 3/3
  1865 | D:2      | Found a basalt altar of Yredelemnul.
  1918 | D:2      | Noticed Terence
  1934 | D:2      | Killed Terence
  2236 | D:3      | Reached XP level 5. HP: 47/47 MP: 4/4
  2264 | D:3      | HP: 2/47 [gnoll/halberd (3)]
  2266 | D:3      | Slain by a gnoll

Skill      XL: |  1  2  3  4  5 |
---------------+----------------+-----
Axes           | 4 |  4.7
Fighting       | 3 4 |  4.7
Armour         | 1 2 |  2.0
Dodging        | 4 |  4.3
Throwing       | |  2.0

Action                   |  1- 3 |  4- 6 || total
-------------------------+-------+-------++-------
Melee: War axe           |    66 |    73 ||   139
       Headbutt          |    11 |    16 ||    27
  Use: Potion            |       |     1 ||     1
  Eat: Chunk             |     2 |     2 ||     4
Armor: Leather armour    |    22 |    13 ||    35
       Chain mail        |       |    38 ||    38
Dodge: Dodged            |    39 |    51 ||    90
